Map: [ESL] Oceanborn

Players

Lemon

  • Race: Protoss Protoss
  • Spawn Location: 5:00

Oliveira - Winner!

  • Race: Terran Terran
  • Spawn Location: 11:00

Event: ESL SC2 Masters 2024 Spring (Regional)

VOD

Have the link to the VOD?

Description

Time

  • Played on: April 14, 2024, 5:59 a.m.
  • Length: 6:10

All games in this series

Show
View Real Time Build Order
Export as new Build Order

Lemon Protoss 

Build Orders: 1 Gate Expand, Blink Stalkers 

Get SALT Encoding   

  12  0:00  Probe  
  13  0:12  Probe  
  14  0:16  Pylon  
  14  0:24  Probe (Chrono Boost)  
  15  0:36  Probe (Chrono Boost), Gateway  
  16  0:44  Probe (Chrono Boost)  
  16  0:46  Assimilator  
  17  0:51  Probe  
  18  1:03  Probe  
  19  1:15  Probe  
  20  1:23  Cybernetics Core  
  22  1:30  Nexus  
  20  1:34  Probe  
  21  1:40  Pylon  
  21  1:46  Probe  
  22  1:48  Assimilator  
  22  1:56  Adept (Chrono Boost)  
  22  1:58  Probe  
  22  2:00  Warp Gate  
  25  2:10  Probe  
  26  2:21  Twilight Council  
  26  2:22  Probe  
  27  2:30  Stalker  
  27  2:36  Probe (Chrono Boost)  
  30  2:38  Gateway  
  30  2:44  Probe (Chrono Boost)  
  32  2:52  Probe x2 (Chrono Boost)  
  32  2:56  Blink (Chrono Boost)  
  32  2:58  Probe x2  
  35  3:10  Probe  
  35  3:11  Probe  
  37  3:21  Robotics Facility  
  37  3:22  Probe  
  37  3:23  Probe  
  39  3:34  Nexus  
  36  3:41  Probe  
  36  3:45  Probe  
  36  3:48  Stalker  
  36  3:51  Stalker  
  36  3:53  Probe  
  40  3:56  Pylon  
  40  3:59  Probe  
  41  4:04  Observer  
  41  4:05  Probe  
  43  4:11  Probe  
  43  4:14  Pylon  
  44  4:17  Stalker  
  44  4:20  Probe (Chrono Boost)  
  44  4:21  Stalker  
  44  4:23  Probe (Chrono Boost)  
  50  4:24  Observer  
  50  4:30  Assimilator  
  52  4:32  Assimilator  
  52  4:33  Probe (Chrono Boost)  
  52  4:34  Probe (Chrono Boost)  
  52  4:37  Gateway  
  52  4:38  Probe (Chrono Boost)  
  53  4:39  Observer  
  53  4:42  Gateway  
  53  4:43  Probe  
  55  4:47  Probe  
  55  4:50  Stalker  
  55  4:52  Probe  
  59  4:55  Probe  
  59  4:59  Probe  
  61  5:04  Probe  
  61  5:07  Probe  
  61  5:09  Observer (Chrono Boost), Stalker  
  61  5:11  Probe  
  66  5:15  Stalker  
  66  5:16  Shield Battery  
  66  5:18  Probe  
  66  5:19  Probe  
  70  5:22  Robotics Bay  
  70  5:27  Immortal (Chrono Boost)  
  70  5:32  Stalker  
  74  5:39  Stalker  
  75  5:45  Shield Battery  
  73  5:50  Stalker x2  
  73  5:54  Pylon x2  
Show
View Real Time Build Order
Export as new Build Order

Oliveira Terran - Winner!

Build Orders: Cyclone Opening, Reaper Expand 

Get SALT Encoding   

  12  0:00  SCV  
  13  0:12  SCV  
  14  0:17  Supply Depot  
  14  0:24  SCV  
  15  0:38  SCV  
  15  0:39  Barracks  
  16  0:43  Refinery  
  16  0:50  SCV  
  17  1:03  SCV  
  18  1:15  SCV  
  19  1:27  Reaper, Orbital Command  
  20  1:38  Command Center  
  20  1:47  Supply Depot  
  20  1:52  SCV  
  21  1:59  Marine  
  22  2:04  SCV  
  22  2:07  Factory  
  23  2:16  SCV  
  23  2:17  Marine  
  23  2:20  Barracks  
  25  2:29  SCV  
  26  2:35  Marine  
  26  2:36  Refinery  
  27  2:42  SCV  
  28  2:51  Cyclone, Orbital Command  
  30  2:54  SCV, Barracks Reactor  
  31  3:04  Orbital Command  
  31  3:07  Barracks  
  31  3:09  Barracks Tech Lab  
  31  3:14  SCV  
  32  3:23  Factory Tech Lab  
  32  3:26  SCV  
  33  3:28  Marine  
  33  3:30  Stimpack  
  33  3:31  SCV  
  33  3:34  Marine  
  35  3:38  SCV  
  37  3:42  Marine  
  37  3:43  SCV  
  37  3:47  Marine  
  39  3:49  Siege Tank  
  39  3:50  SCV  
  39  3:52  Marine  
  39  3:55  SCV  
  43  3:56  Barracks Tech Lab, Supply Depot  
  43  4:00  Marine  
  43  4:02  SCV  
  45  4:07  SCV, Supply Depot  
  46  4:14  Combat Shield  
  46  4:17  SCV, Marine x3  
  46  4:19  SCV  
  46  4:20  Marine  
  52  4:26  Supply Depot  
  52  4:29  SCV  
  53  4:31  SCV, Siege Tank  
  53  4:35  Marine x3  
  53  4:36  Engineering Bay  
  60  4:38  Refinery  
  60  4:42  SCV, Marine  
  62  4:48  SCV, Supply Depot  
  63  4:53  Marauder x2  
  63  4:54  SCV, Marine  
  69  5:00  SCV  
  70  5:09  SCV, Marine  
  70  5:12  Marine  
  70  5:13  SCV  
  74  5:14  Marine  
  74  5:15  Supply Depot  
  74  5:16  Supply Depot, Marauder  
  77  5:21  SCV  
  77  5:28  SCV  
  78  5:35  Marine  
  78  5:37  Siege Tank, Starport  
  78  5:39  Supply Depot  
  79  5:43  Marine  
  79  5:44  Marauder, Marine  
  79  5:49  SCV  
  83  5:53  SCV  
Tags
 
Add a new tag
Caveats
  • Supply blocks, unpowered buildings, or Contaminate may cause inaccurate times.
  • Supply counts are checked every 10 seconds.